 Dungeon Crawl Stone Soup version 0.25-a0-21-ga5a8db46c7 (webtiles) character file.

Game seed: 1448776268574509962, levelgen mode: deterministic

37044 Flugkiller the Nimble (level 13, -12/90 HPs)
             Began as an Octopode Assassin on Oct 16, 2019.
             Was a High Priest of Sif Muna.
             Mangled by an ice dragon (14 damage)
             ... in an ice cave.
             The game lasted 00:58:12 (24274 turns).

Flugkiller the Nimble (Octopode Assassin)          Turns: 24274, Time: 00:58:12

Health: -12/90     AC:  3    Str: 11    XL:     13   Next: 94%
Magic:  7/27       EV: 24    Int: 20    God:    Sif Muna [*****.]
Gold:   1578       SH:  0    Dex: 20    Spells: 6/22 levels left

rFire    + + .     SeeInvis +   D - +5 battleaxe
rCold    + . .     Gourm    .   (shield currently unavailable)
rNeg     . . .     Faith    .   F - +2 hat {MR+}
rPois    +         Spirit   .   w - amulet "Qophe" {-Tele +Rage rPois rF+ Dex+4}
rElec    .         Reflect  .   x - ring of protection from magic
rCorr    .         Harm     .   f - ring of protection from fire
MR       ++++.     NoTele   +   U - ring of the Mage {Wiz MR++ Int+3}
Stlth    ++++++....             S - ring of see invisible
HPRegen  0.25/turn              Q - ring of magical power
MPRegen  0.20/turn              P - ring of protection from cold
                                V - +2 ring of dexterity
                                (no ring)

@: starving
A: almost no armour, stealthy swim, amphibious, 8 rings, constrict 8, camouflage
1, low mp 1, poison resistance, gelatinous body 1
a: Channel Magic, Forget Spell, Divine Exegesis, Renounce Religion, Evoke
Berserk Rage


You were in an ice cave.
You worshipped Sif Muna.
Sif Muna was extremely pleased with you.
You were starving.

You visited 2 branches of the dungeon, and saw 17 of its levels.
You also visited: Sewer, Bailey and Ice Cave.

You collected 1838 gold pieces.
You spent 260 gold pieces at shops.

Inventory:

Hand Weapons
 e - a +2 dagger of pain
   (You took it off a kobold on level 1 of the Dungeon)
 l - a +4 quick blade
   (You acquired it on level 10 of the Dungeon)
 D - a +5 battleaxe (weapon)
   (You took it off a wight on level 8 of the Dungeon)
 H - a +1 broad axe
   (You took it off an orc knight on level 7 of the Dungeon)
 N - the +9 long sword of Kac Doh {holy, rPois Str+3 Stlth+, unknown}
   (You found it on level 5 of the Lair of Beasts)

   It has been blessed by the Shining One to cause great damage to the undead
   and demons.
   It affects your strength (+3).
   It protects you from poison.
   It makes you more stealthy.
 T - the +5 halberd "Dragon's Tongue" {drain, *Drain Int+8, unknown}
   (You found it on level 10 of the Dungeon)

   A truly terrible weapon, it drains the life of those it strikes.
   It affects your intelligence (+8).
   It causes draining when unequipped.
Missiles
 a - 10 throwing nets
 b - 52 poisoned darts
 c - 11 curare-tipped darts (quivered)
 o - 23 boomerangs
Armour
 F - a +2 hat of magic resistance (worn)
   (You took it off Gastronok on level 1 of the Lair of Beasts)
Jewellery
 f - a ring of protection from fire (right tentacle)
   (You found it on level 3 of the Lair of Beasts)
 u - a +6 amulet of reflection
   (You found it on level 5 of the Dungeon)
 w - the amulet "Qophe" (around mantle) {-Tele +Rage rPois rF+ Dex+4}
   (You found it on level 6 of the Dungeon)

   [amulet of rage]

   It affects your dexterity (+4).
   It protects you from fire.
   It protects you from poison.
   It lets you go berserk.
   It prevents most forms of teleportation.
 x - a ring of protection from magic (left tentacle)
   (You found it on level 6 of the Dungeon)
 P - a ring of protection from cold (on tentacle)
   (You found it in a bailey)
 Q - a ring of magical power (on tentacle)
   (You bought it in a shop on level 9 of the Dungeon)
 R - an uncursed ring of fire
   (You found it on level 9 of the Dungeon)
 S - a ring of see invisible (on tentacle)
   (You found it on level 6 of the Lair of Beasts)
 U - the ring of the Mage (on tentacle) {Wiz MR++ Int+3}
   (You found it on level 9 of the Dungeon)

   [ring of wizardry]

   It improves your spell success rate.
   It affects your intelligence (+3).
   It affects your resistance to hostile enchantments.
 V - a +2 ring of dexterity (on tentacle)
   (You found it on level 10 of the Dungeon)
Wands
 B - a wand of polymorph (7)
   (You took it off Dowan on level 7 of the Dungeon)
 G - a wand of digging (5)
   (You found it on level 8 of the Dungeon)
 I - a wand of random effects (31)
   (You found it on level 2 of the Lair of Beasts)
 O - a wand of paralysis (6)
   (You found it on level 5 of the Lair of Beasts)
Scrolls
 j - 7 scrolls of teleportation
 k - 2 scrolls of enchant armour
 n - 6 scrolls of enchant weapon
 p - 3 scrolls of blinking
 q - a scroll of immolation
 r - 2 scrolls of amnesia
 y - a scroll of fog
 C - 2 scrolls of magic mapping
 E - a scroll of summoning
 K - 6 scrolls of remove curse
 L - a scroll of fear
 M - a scroll of silence
Potions
 g - a potion of mutation
 h - a potion of brilliance
 m - 3 potions of flight
 s - 2 potions of lignification
 t - 8 potions of curing
 v - a potion of resistance
 z - a potion of berserk rage
 A - a potion of ambrosia
 J - a potion of agility
Comestibles
 d - 25 rations


   Skills:
 - Level 9.0 Fighting
 - Level 4.1 Short Blades
 + Level 11.7 Axes
 - Level 2.0 Throwing
 + Level 12.4 Dodging
 - Level 10.1 Stealth
 + Level 5.3 Spellcasting
 + Level 1.4 Hexes
 - Level 2.0 Charms
 - Level 8.0 Necromancy
 + Level 3.3 Earth Magic
 - Level 5.0 Evocations


You had 6 spell levels left.
You knew the following spells:

 Your Spells              Type           Power        Failure   Level  Hunger
a - Animate Skeleton      Necr           N/A          1%          1    None
b - Spectral Weapon       Hex/Chrm       ##......     7%          3    ##.....
c - Regeneration          Chrm/Necr      ####......   1%          3    ##.....
d - Animate Dead          Necr           N/A          1%          4    ####...
e - Borgnjor's Vile Clut  Necr/Erth      ####......   12%         5    #####..

Your spell library contained the following spells:

 Spells                   Type           Power        Failure   Level  Hunger
 Infusion                 Chrm           ##..         1%          1    None
 Pain                     Necr           ####         1%          1    None
 Sublimation of Blood     Necr           #####.....   1%          2    None
 Vampiric Draining        Necr           #####.....   1%          3    ##.....
 Song of Slaying          Chrm           ##......     3%          2    None
 Shock                    Conj/Air       #...         4%          1    None
 Shroud of Golubria       Chrm/Tloc      #.....       4%          2    None
 Slow                     Hex            ##......     4%          2    None
 Blink                    Tloc           N/A          7%          2    None
 Call Imp                 Summ           #.......     7%          2    None
 Poisonous Vapours        Pois/Air       #.....       7%          2    None
 Sticks to Snakes         Tmut           #.......     7%          2    None
 Throw Flame              Conj/Fire      #.....       7%          2    None
 Gell's Gravitas          Tloc           #.........   14%         3    ##.....
 Ignite Poison            Fire/Tmut/Pois #.......     14%         3    ##.....
 Lesser Beckoning         Tloc           #.........   14%         3    ##.....
 Mephitic Cloud           Conj/Pois/Air  #.......     14%         3    ##.....
 Teleport Other           Tloc           #.......     14%         3    ##.....
 Passage of Golubria      Tloc           N/A          41%         4    ####...
 Fireball                 Conj/Fire      #.........   75%         5    #####..
 Bolt of Fire             Conj/Fire      #.........   99%         6    #######
 Ring of Flames           Chrm/Fire      #.........   100%        7    #######
 Ignition                 Fire           #.........   100%        8    #######
 Infestation              Necr           #####.....   100%        8    #######
 Necromutation            Tmut/Necr      ###.......   100%        8    #######


Dungeon Overview and Level Annotations

Branches:
Dungeon (11/15)            Temple (0/1) D:4            Lair (6/6) D:8
 Shoals (0/4) Lair:3       Spider (0/4) Lair:2        Slime (0/5) Lair:5
  Sewer (visited)          Bailey (visited)           IceCv (1/1)
    Orc: D:9-12

Altars:
Ashenzari
Cheibriados
Dithmenos
Fedhas
Gozag
Okawaru
Sif Muna
Jiyva

Shops:
D:5 (   D:7 [   D:9 =   D:10 [

Annotations:
D:4 exclusions: orc and phantom, Menkaure
D:6 Blork the orc
Lair:2 exclusion: downstairs
Lair:3 exclusion: 2 hydras
Lair:5 1 runed translucent door


Innate Abilities, Weirdness & Mutations

You cannot wear most types of armour.
You are very stealthy in the water. (Stealth+)
You are amphibious.
You can wear up to eight rings at the same time.
You can use your tentacles to constrict eight enemies at once.
Your skin changes colour to match your surroundings (Stealth+).
Your rubbery body absorbs attacks. (AC +1, EV +1)
Your magical capacity is low. (-10% MP)
Your system is resistant to poisons. (rPois)


Message History

The ice dragon misses you.
You barely miss the ice dragon.
The ice dragon is almost dead.
The ice dragon breathes frost at you. The blast of cold hits you! You resist.
You hit the ice dragon but do no damage.
The ice dragon is almost dead.
The ice dragon completely misses you. The ice dragon misses you.
The ice dragon tramples you!
You stumble backwards!
You hit the ice dragon.
The ice dragon is almost dead.
The ice dragon barely misses you. The ice dragon completely misses you.
The ice dragon tramples you!
* * * LOW HITPOINT WARNING * * *
You stumble backwards!
You hit the ice dragon. You squeeze the ice dragon.
The ice dragon is almost dead.
The ice dragon bites you.
* * * LOW HITPOINT WARNING * * *
The ice dragon claws you.
* * * LOW HITPOINT WARNING * * *
The ice dragon barely misses you.
Evoke which item? (* to show all) (? for menu, Esc to quit)
Okay, then.
You hit the ice dragon.
You squeeze the ice dragon, but do no damage.
The ice dragon is almost dead.
The ice dragon breathes frost at you. The blast of cold hits you! You resist.
* * * LOW HITPOINT WARNING * * *
Unknown command.
You hit the ice dragon.
You squeeze the ice dragon, but do no damage.
The ice dragon is almost dead.
The ice dragon completely misses you. The ice dragon claws you!
* * * LOW HITPOINT WARNING * * *
The ice dragon tramples you!
* * * LOW HITPOINT WARNING * * *
You hold your ground!
You cannot blink because you are wearing the amulet "Qophe" {-Tele +Rage rPois rF+ Dex+4}.
Unknown command.
Unknown command.
Okay, then.
Unknown command.
Unknown command.
You hit the ice dragon but do no damage.
You squeeze the ice dragon, but do no damage.
The ice dragon is almost dead.
The ice dragon bites you!
You die...

#.....# ##.## ##.....##
#..# #.......## ##Z##
##........# #.#Z# ####
##........## ##.######..##
##.........####....##....##
.............###..........#
.....(..(.(...#.......∩.∩.#
#..........##..D@##.......#
#.........####..#####....##
##.........# #### ##..##
#........## #### ##......##
##....## ##..## ####


You could see an ice dragon.

Vanquished Creatures
  Gastronok (Lair:1)
  Kirke (Lair:3)
  A merfolk avatar (Lair:6)
  Fannar (D:10)
  A two-headed ogre (D:9)
  A necromancer (Lair:5)
  Pikel (D:8)
  An orc knight (D:7)
  A merfolk siren (Lair:3)
  3 elephants
  2 ice statues (IceCv)
  2 black mambas
  A torpor snail (Lair:6)
  A centaur zombie (D:10)
  4 spiny frogs
  5 rime drakes
  4 komodo dragons
  2 trolls
  A hornet (Lair:6)
  A wind drake (Lair:6)
  A polar bear (Lair:6)
  2 blink frogs (Lair:6)
  4 hippogriffs
  A redback (Lair:2)
  4 wyverns (Lair:6)
  22 yaks
  A human (D:7)
  3 wraiths
  Grum (Lair:1)
  3 basilisks
  5 hogs
  A hungry ghost (D:9)
  A soldier ant (D:10)
  8 porcupines
  3 water moccasins
  Duvessa (D:7)
  8 orc warriors
  15 ice beasts
  2 slaves (D:8)
  2 elephant zombies (Lair:5)
  A sky beast (D:7)
  3 black bears
  4 phantoms
  3 necrophages (Lair:4)
  21 wolves
  7 centaurs
  4 ogres
  4 big kobolds
  7 crocodiles
  12 bullfrogs
  7 gnoll sergeants (Bailey)
  A komodo dragon zombie (Lair:5)
  Dowan (D:7)
  3 scorpions
  5 killer bees
  3 howler monkeys
  12 wights
  6 electric eels
  2 crimson imps
  4 hounds
  3 orc priests
  2 jellies
  11 orc wizards
  6 gnoll shamans (Bailey)
  An iguana (D:9)
  4 hell rats
  5 worker ants
  2 crocodile zombies (Lair:5)
  A hound skeleton (D:5)
  13 adders
  21 gnolls
  2 river rats (Sewer)
  4 shadow imps
  2 adder skeletons
  3 worms
  A dart slug (D:3)
  9 leopard geckos
  26 orcs
  2 ball pythons
  2 bats (D:2)
  8 giant cockroaches
  9 goblins
  10 hobgoblins
  3 jackals
  22 kobolds
  8 quokkas
  4 frilled lizards
  A leopard gecko skeleton (D:6)
  2 leopard gecko zombies
  5 rats
  2 fungi
  A plant (Lair:6)
428 creatures vanquished.

Vanquished Creatures (collateral kills)
  Josephine (Lair:4)
  A harpy (Lair:6)
  9 elephants (Lair:6)
  3 spiny frogs
  3 rime drakes (Lair:6)
  A komodo dragon (Lair:6)
  2 blink frogs (Lair:6)
  2 hippogriffs
  5 yaks (Lair:6)
  3 hogs (Lair:4)
  A water moccasin (Lair:6)
  2 necrophages (Lair:4)
  A crocodile (Lair:6)
  2 bullfrogs
  A gnoll sergeant (Bailey)
  A jelly (D:9)
  An adder (Lair:3)
  2 fungi
  A plant (D:9)
42 creatures vanquished.

Vanquished Creatures (others)
  A bullfrog (D:8)
  A centaur skeleton (D:8)
  A hound zombie (D:8)
  3 orcs (D:8)
  A kobold (D:8)
  2 fungi (Lair:6)
  8 plants
17 creatures vanquished.

Grand Total: 487 creatures vanquished

Notes
Turn   | Place    | Note
-------+----------+-------------------------------------------
     0 | D:1      | Flugkiller the Octopode Assassin began the quest for the
                  | Orb.
     0 | D:1      | Reached XP level 1. HP: 14/14 MP: 1/1
   210 | D:1      | Reached XP level 2. HP: 20/20 MP: 2/2
   558 | D:1      | Reached skill level 2 in Dodging
   971 | D:1      | Reached XP level 3. HP: 25/25 MP: 3/3
  1233 | D:2      | Found a shimmering blue altar of Sif Muna.
  1236 | D:2      | Became a worshipper of Sif Muna the Loreminder
  1423 | D:2      | Reached XP level 4. HP: 19/31 MP: 4/4
  1898 | D:2      | Reached skill level 3 in Dodging
  2554 | D:2      | Reached XP level 5. HP: 12/37 MP: 5/5
  2904 | D:3      | Reached * piety under Sif Muna
  3193 | D:3      | Found a snail-covered altar of Cheibriados.
  3374 | D:4      | Reached skill level 4 in Dodging
  3381 | D:4      | Reached XP level 6. HP: 43/43 MP: 6/6
  3463 | D:4      | Noticed a phantom
  3617 | D:4      | Noticed Menkaure
  3686 | D:4      | Found a glowing drain.
  3698 | Sewer    | Entered a sewer
  3820 | Sewer    | Found a white marble altar of Elyvilon.
  4011 | D:4      | Found a staircase to the Ecumenical Temple.
  4261 | D:5      | Entered Level 5 of the Dungeon
  4345 | D:5      | Reached skill level 5 in Dodging
  4345 | D:5      | Reached XP level 7. HP: 34/48 MP: 7/7
  4930 | D:5      | Reached ** piety under Sif Muna
  5208 | D:5      | Found Tify's Weapon Shoppe.
  5278 | D:6      | Got a clouded amethyst amulet
  5338 | D:5      | HP: 2/48 [poisoned by a scorpion]
  5611 | D:6      | Found a shattered altar of Ashenzari.
  5646 | D:6      | Noticed Blork the orc
  5712 | D:6      | Reached XP level 8. HP: 16/54 MP: 8/8
  6986 | D:6      | Reached skill level 5 in Fighting
  7252 | D:6      | Reached skill level 6 in Dodging
  7499 | D:7      | Noticed Duvessa
  7499 | D:7      | Noticed Dowan
  7868 | D:7      | Reached skill level 7 in Dodging
  8044 | D:7      | Reached XP level 9. HP: 23/61 MP: 9/9
  8281 | D:7      | Reached skill level 10 in Stealth
  8427 | D:7      | Reached skill level 8 in Dodging
  8528 | D:7      | Reached *** piety under Sif Muna
  8597 | D:7      | Identified the amulet "Qophe" {-Tele +Rage rPois rF+ Dex+4}
                  | (You found it on level 6 of the Dungeon)
  8817 | D:7      | Noticed an orc knight
  8817 | D:7      | Noticed a troll
  8868 | D:7      | Killed an orc knight
  8868 | D:7      | Reached skill level 9 in Dodging
  8868 | D:7      | Reached XP level 10. HP: 72/72 MP: 10/10
  9390 | D:7      | Found Wuseures's Armour Shoppe.
  9461 | D:7      | Killed Duvessa
  9699 | D:7      | Reached skill level 10 in Dodging
  9876 | D:7      | Killed Dowan
  9989 | D:8      | Noticed Pikel
 10060 | D:8      | Reached skill level 1 in Evocations
 10093 | D:8      | Found a staircase to the Lair.
 10515 | D:8      | Killed Pikel
 10636 | D:8      | Reached **** piety under Sif Muna
 11104 | D:8      | Reached skill level 11 in Dodging
 11344 | D:8      | Reached skill level 5 in Evocations
 11741 | Lair:1   | Entered Level 1 of the Lair of Beasts
 11741 | Lair:1   | Noticed a spiny frog
 11775 | Lair:1   | HP: 2/72 [spiny frog (16)]
 11779 | Lair:1   | Gained mutation: Your magical capacity is low. (-10% MP)
                  | [potion of mutation]
 11779 | Lair:1   | Gained mutation: Your system is resistant to poisons.
                  | (rPois) [potion of mutation]
 12120 | Lair:1   | Noticed Gastronok
 12139 | Lair:1   | Reached XP level 11. HP: 17/77 MP: 13/13
 12727 | Lair:1   | Noticed Grum
 12958 | Lair:1   | Killed Grum
 12960 | Lair:1   | Reached skill level 5 in Axes
 14285 | Lair:1   | Killed Gastronok
 15476 | Lair:2   | Learned a level 1 spell: Animate Skeleton
 15598 | Lair:2   | Reached skill level 1 in Necromancy
 15676 | Lair:2   | Reached skill level 1 in Spellcasting
 15782 | Lair:2   | Found a hole to the Spider Nest.
 15792 | Lair:2   | Reached XP level 12. HP: 83/83 MP: 14/14
 15886 | Lair:2   | Reached skill level 10 in Axes
 16170 | Lair:3   | Noticed a seven-headed hydra
 16463 | Lair:3   | Noticed a five-headed hydra
 17027 | Lair:3   | Found a staircase to the Shoals.
 17448 | Lair:4   | Learned a level 3 spell: Regeneration
 17580 | Lair:4   | Reached skill level 5 in Necromancy
 17638 | Lair:4   | Reached skill level 1 in Charms
 17682 | Lair:4   | Noticed Josephine
 17711 | Lair:4   | Killed Josephine
 17719 | Lair:4   | Noticed Kirke
 18438 | Lair:3   | Found a staircase to the Shoals.
 18534 | Lair:3   | Killed Kirke
 19303 | Lair:5   | Learned a level 4 spell: Animate Dead
 19338 | Lair:5   | Got a bloodstained long sword
 19544 | Lair:5   | Found a runed translucent door.
 19546 | Lair:5   | Found a viscous altar of Jiyva.
 19547 | Lair:5   | Found a staircase to the Slime Pits.
 19547 | Lair:5   | Noticed an acid blob
 19547 | Lair:5   | Noticed an acid blob
 19727 | Lair:5   | Reached ***** piety under Sif Muna
 20172 | Lair:6   | Entered Level 6 of the Lair of Beasts
 20179 | Lair:6   | Found the +8 orange crystal plate armour {Archmagi, Int+3
                  | Clar}
 20182 | Lair:6   | Got a serpentine marble ring
 20343 | Lair:6   | Reached XP level 13. HP: 50/90 MP: 15/15
 20471 | Lair:6   | Identified Sif Muna's Collected Works on Unholy Feathers
                  | (Sif Muna gifted it to you on level 6 of the Lair of
                  | Beasts)
 20471 | Lair:6   | Received a gift from Sif Muna
 20473 | Lair:6   | finally, sif muna has done something!
 20473 | Lair:6   | I guess the lesson is: don't pick sif on a non-book start
 20479 | Lair:6   | Learned a level 5 spell: Borgnjor's Vile Clutch
 21170 | Lair:6   | Reached skill level 12 in Dodging
 21439 | D:9      | Found an opulent altar of Gozag.
 21445 | D:9      | Found the ring of the Mage {Wiz MR++ Int+3}
 21458 | D:9      | Reached skill level 5 in Spellcasting
 21557 | D:9      | Found a blossoming altar of Fedhas.
 21561 | D:9      | Found an iron altar of Okawaru.
 21561 | D:9      | Found a shadowy altar of Dithmenos.
 21570 | D:9      | Identified the ring "Alewohag" {*Tele MR+} (You found it on
                  | level 6 of the Lair of Beasts)
 21705 | D:9      | Found Jaryor's Jewellery Emporium.
 21710 | D:9      | Bought an uncursed ring of magical power for 260 gold
                  | pieces
 21772 | D:9      | Reached skill level 1 in Earth Magic
 22100 | D:10     | Entered Level 10 of the Dungeon
 22121 | D:10     | Identified a scroll of acquirement
 22137 | D:10     | Found a flagged portal.
 22150 | Bailey   | Entered a bailey
 22861 | Bailey   | Identified Sif Muna's Sorcery in Simple Steps (Sif Muna
                  | gifted it to you in a bailey)
 22861 | Bailey   | Received a gift from Sif Muna
 23064 | D:10     | Got a pitted halberd
 23153 | D:10     | Found Kahiutoc's Armour Emporium.
 23394 | D:10     | Noticed Fannar
 23435 | D:10     | Killed Fannar
 23548 | D:10     | Learned a level 3 spell: Spectral Weapon
 23716 | D:11     | Found a frozen archway.
 23727 | IceCv    | Entered an ice cave
 23911 | IceCv    | Reached skill level 1 in Hexes
 24209 | IceCv    | Noticed an ice dragon
 24273 | IceCv    | HP: 2/90 [ice dragon (7)]
 24274 | IceCv    | Mangled by an ice dragon

Levels and vault maps discovered:
D:1:      dpeg_arrival_boxes_within_box, layout_basic
D:2:      layout_basic, lemuel_blue_sif_altar
D:3:      layout_loops_ring, lemuel_doored_altar, first_ration,
          nrook_mini_backslash
D:4:      layout_basic, minmay_temple_entry_nine_rooms, gup_sewer_entry_bubbles,
          hangedman_decor_lopped, hangedman_decor_growths, minmay_door_square,
          kennysheep_minor_cross, corexii_shack, uniq_menkaure
D:5:      layout_basic, serial_shops, shop, kennysheep_another_room
D:6:      layout_basic, overflow_temple_1_default, minmay_misc_feat_enclosed,
          uniq_blork_the_orc
D:7:      minmay_the_grid_plus_closed [minmay_the_grid_diamond_grid,
          minmay_the_grid_pillar_ring, minmay_the_grid_zigzag_pyramid,
          minmay_the_grid_armoury, minmay_the_grid_prize_inner_circle],
          layout_loops_ring, serial_shops, shop, grunt_livestock, minivault_22,
          uniq_duvessa
D:8:      layout_basic, lair_entry_dummy, minmay_curled_crystal, minivault_11,
          uniq_pikel
D:9:      layout_loops_ring, minitemple, overflow_temple_1_default,
          serial_shops, kennysheep_mini, serial_bayou_pond_c
D:10:     layout_loops_ring, enter_bailey_2, serial_shops,
          nicolae_shop_waterfront, uniq_fannar
D:11:     layout_cave_pools, portal_ice_cave_entry_pillars_1, serial_shops,
          nicolae_shop_statue_plus, uniq_snorg, uniq_erica
Lair:1:   layout_gridlike, uniq_grum, uniq_gastronok
Lair:2:   layout_long_grid, spider_nest_entry_webs,
          chequers_serial_rivers_room_a
Lair:3:   layout_regular_city, elwin_shoals_entry_rooms,
          infiniplex_staircase_pool
Lair:4:   layout_regular_city, st_stairs_12, roderic_carrion_pond,
          serial_bayou_shore_a, uniq_kirke, uniq_josephine
Lair:5:   pond_and_an_island_with_a_cottage, layout_cave_pods, slime_altar_2
Lair:6:   gammafunk_lair_ancient_temple, layout_regular_city
IceCv:    ice_cave_small_dragons

Skill      XL: |  1  2  3  4  5  6  7  8  9 10 11 12 13 |
---------------+----------------------------------------+-----
Dodging        | 2 3 4 5 7 9 11 12 | 12.4
Fighting       | 3 4 5 7 8 9 |  9.0
Short Blades   | 3 4 |  4.1
Stealth        | 8 9 10 | 10.1
Evocations     | 5 |  5.0
Axes           | 2 9 10 11 | 11.7
Necromancy     | 1 8 |  8.0
Spellcasting   | 1 3 5 |  5.3
Charms         | 1 2 |  2.0
Earth Magic    | 3 |  3.3
Hexes          | 1 |  1.4
Throwing       | |  2.0

Action                   |  1- 3 |  4- 6 |  7- 9 | 10-12 | 13-15 || total
-------------------------+-------+-------+-------+-------+-------++-------
Melee: Dagger            |    55 |   142 |   122 |       |       ||   319
       Constrict         |    13 |    34 |    44 |    85 |    44 ||   220
       Tentacles         |     3 |    28 |    46 |   108 |    85 ||   270
       Scimitar          |       |       |   103 |   139 |       ||   242
       Battleaxe         |       |       |       |   363 |   390 ||   753
Throw: Dart              |     5 |     4 |     1 |    20 |    11 ||    41
       Boomerang         |       |       |       |    12 |       ||    12
 Cast: Animate Skeleton  |       |       |       |    23 |    26 ||    49
       Regeneration      |       |       |       |    15 |    39 ||    54
       Animate Dead      |       |       |       |       |     7 ||     7
       Borgnjor's Vile C |       |       |       |       |     6 ||     6
 Abil: Evoke Berserk Rag |       |       |     1 |    14 |     3 ||    18
Evoke: Wand              |       |       |       |     4 |     2 ||     6
  Use: Scroll            |     3 |     7 |     5 |    13 |     7 ||    35
       Potion            |       |     1 |       |     4 |       ||     5
 Stab: Sleeping          |    11 |    13 |    13 |    26 |     7 ||    70
       Distracted        |       |       |       |     1 |     4 ||     5
  Eat: Chunk             |     1 |    10 |     7 |    32 |    23 ||    73
       Ration            |       |       |     2 |     6 |       ||     8
Armor: Skin              |       |     6 |     5 |    25 |    24 ||    60
Dodge: Dodged            |    22 |    62 |   133 |   479 |   483 ||  1179
Block: Other             |       |       |    33 |    18 |       ||    51
       Reflection        |       |       |     1 |       |       ||     1
       Rpst.: Scimitar   |       |       |    24 |    27 |       ||    51

Table legend:
 A = Non-vault XP
 B = Vault XP
 C = Vault XP percentage of total XP
 D = Non-vault monster count
 E = Vault monster count
 F = Vault count percentage of total count
                 A         B        C        D         E       F
            +---------+---------+-------+---------+---------+-------
      Total |   28862 |   24058 |  45.5 |     319 |     143 |  31.0
            +---------+---------+-------+---------+---------+-------
        D:1 |      37 |       0 |   0.0 |      20 |       0 |   0.0
        D:2 |     124 |       0 |   0.0 |      25 |       0 |   0.0
        D:3 |      79 |       0 |   0.0 |      14 |       0 |   0.0
        D:4 |     200 |      18 |   8.3 |       6 |       7 |  53.8
        D:5 |     440 |       0 |   0.0 |      20 |       0 |   0.0
        D:6 |     718 |       0 |   0.0 |      17 |       0 |   0.0
        D:7 |    1116 |    3029 |  73.1 |      24 |      26 |  52.0
        D:8 |    2203 |     607 |  21.6 |      41 |       1 |   2.4
        D:9 |    1784 |       0 |   0.0 |      14 |       0 |   0.0
       D:10 |    2241 |     965 |  30.1 |      26 |       1 |   3.7
     Lair:1 |    3189 |    2795 |  46.7 |      16 |       6 |  27.3
     Lair:2 |    4825 |     220 |   4.4 |      32 |       1 |   3.0
     Lair:3 |     983 |    2706 |  73.4 |       8 |       3 |  27.3
     Lair:4 |    2672 |    2220 |  45.4 |      17 |      13 |  43.3
     Lair:5 |    1922 |    1021 |  34.7 |      12 |       6 |  33.3
     Lair:6 |    6329 |    5738 |  47.6 |      27 |      22 |  44.9
      Sewer |       0 |     134 | 100.0 |       0 |       9 | 100.0
     Bailey |       0 |    1173 | 100.0 |       0 |      30 | 100.0
      IceCv |       0 |    3432 | 100.0 |       0 |      18 | 100.0
            +---------+---------+-------+---------+---------+-------
